 Dungeon Crawl Stone Soup version 0.31-a0-1388-g4b2ba238e7 (webtiles) character file.

Game seed: 5822011710070872928

3392230 jasper the Heavyweight Champion (level 27, 391/391 HPs)
             Began as a Troll Fighter on Dec 24, 2023.
             Was the Champion of Ru.
             Escaped with the Orb
             ... and 5 runes on Dec 25, 2023!
             The game lasted 02:27:12 (65111 turns).

jasper the Heavyweight Champion (Troll Fighter)    Turns: 65111, Time: 02:27:13

Health: 391/391    AC: 49    Str: 33    XL:     27
Magic:  17/17      EV: 10    Int:  4    God:    Ru [******]
Gold:   7645       SH: 31    Dex:  8    Spells: 23/26 levels left

rFire   + .          .
                       - Unarmed
rCold   + . .        V - +8 tower shield
rNeg    + + .        Y - melded +4 faerie dragon scales {+Blink rElec rCorr Str+3 Dex+5}
rPois   ∞            Z - +4 hat of Dice, Bag, and Bottle {+Inv Str-5 Dex+3}
rElec   +            S - +4 dragonskin cloak
rCorr   +            (gloves unavailable)
SInv    +            (boots unavailable)
Will    +++++        P - amulet of the Four Winds {rN+ Will+++ Clar}
Stlth   +            x - ring of Fiypsuri {rPois rF+ rCorr Dex-2 SInv}
HPRegen 1.65/turn    k - ring of the Octopus King {rC+ HP+2 AC+2 EV+2 SH+2}
MPRegen 0.15/turn

%: clarity
@: statue-form, studying Unarmed Combat, very slow
A: slow and powerful, torment resistance 1, boosted hp, large, unfitting armour,
claws 3, clumsy 1, low MP 2, regeneration 1, (shaggy fur 1), (tough skin 1),
hated by all, inability to train dodging, no ice magic, no alchemy magic, no
translocations magic, disrupted magic 3, deformed body, weak 2
0: Orb of Zot
}: 5/15 runes: barnacled, slimy, silver, abyssal, gossamer
a: Begin Untransformation, Renounce Religion, Evoke Invisibility, Draw Out
Power, Power Leap, Apocalypse


You escaped.
You worshipped Ru.
Ru was exalted by your worship.
You were a living statue of rough stone.
You visited 13 branches of the dungeon, and saw 57 of its levels.
You visited the Abyss 2 times.
You visited 1 bazaar.
You visited 1 ziggurat, and saw 10 of its levels.
You also visited: Ossuary and Bailey.

You collected 12721 gold pieces.
You spent 5076 gold pieces at shops.

Inventory:

Missiles
 b - 2 throwing nets
 c - 69 boomerangs (quivered)
 u - 23 javelins
 w - 9 curare-tipped darts
 y - 41 large rocks
 Q - 16 silver javelins
Armour
 S - the +4 dragonskin cloak (worn)
   (You took it off Tiamat on level 2 of the Realm of Zot)

   Avatar's Aegis: It grants the wearer a chance to resist fire, cold, poison,
   electricity, acid, and negative energy.
 V - a +8 tower shield (worn)
 Y - the +4 faerie dragon scales (melded) {+Blink rElec rCorr Str+3 Dex+5}
   (You took it off the Enchantress on level 15 of the Dungeon)

   Str+3:     It affects your strength (+3).
   Dex+5:     It affects your dexterity (+5).
   rElec:     It insulates you from electricity.
   +Blink:    It lets you blink.
   rCorr:     It protects you from acid and corrosion.
 Z - the +4 hat of Dice, Bag, and Bottle (worn) {+Inv Str-5 Dex+3}
   (You found it on level 2 of the Orcish Mines)

   Str-5:     It affects your strength (-5).
   Dex+3:     It affects your dexterity (+3).
   +Inv:      It lets you turn invisible.
Jewellery
 e - the ring of Mistrust {Fly rPois rF+ rC- Slay+4}
   (You took it off a deep elf blademaster on level 3 of the Elven Halls)

   [ring of flight]

   Slay+4:    It affects your accuracy & damage with ranged weapons and melee
   (+4).
   rF+:       It protects you from fire.
   rC-:       It makes you vulnerable to cold.
   rPois:     It protects you from poison Fly: It grants you flight.
 g - a +6 ring of intelligence
 k - a ring of the Octopus King (right claw) {rC+ HP+2 AC+2 EV+2 SH+2}
   (You found it on level 3 of the Crypt)

   [ring of protection from cold]

   AC+2:      It affects your AC (+2).
   EV+2:      It affects your evasion (+2).
   rC+:       It protects you from cold.
   HP+2:      It affects your health (+2).
   SH+2:      It affects your SH (+2).
 x - the ring of Fiypsuri (left claw) {rPois rF+ rCorr Dex-2 SInv}
   (You took it off a merfolk javelineer on level 3 of the Shoals)

   [ring of protection from fire]

   Dex-2:     It affects your dexterity (-2).
   rF+:       It protects you from fire.
   rPois:     It protects you from poison SInv: It lets you see invisible.
   rCorr:     It protects you from acid and corrosion.
 B - the ring "Roqakhlecw" {rElec rPois Int+6 Dex-2}
   (You found it on level 1 of the Shoals)

   [ring of intelligence]

   Int+6:     It affects your intelligence (+6).
   Dex-2:     It affects your dexterity (-2).
   rElec:     It insulates you from electricity.
   rPois:     It protects you from poison
 M - the ring "Viniejif" {rF+ rCorr}
   (You found it on level 10 of a ziggurat)

   [ring of resist corrosion]

   rF+:       It protects you from fire.
   rCorr:     It protects you from acid and corrosion.
 P - the amulet of the Four Winds (around neck) {rN+ Will+++ Clar}
   (You took it off a deep elf annihilator on level 3 of the Elven Halls)

   [amulet of nothing]

   rN+:       It protects you from negative energy.
   Will+++:   It greatly increases your willpower.
   Clar:      It protects you from confusion, rage, mesmerisation and fear.
 W - the ring "Cotzafoy" {rC++ Int+6}
   (You found it on level 11 of the Dungeon)

   [ring of intelligence]

   Int+6:     It affects your intelligence (+6).
   rC++:      It greatly protects you from cold.
 X - the ring "Vamolaud" {rF+ Dex+2 SInv}
   (You took it off a tengu warrior on level 11 of the Dungeon)

   [ring of protection from fire]

   Dex+2:     It affects your dexterity (+2).
   rF+:       It protects you from fire.
   SInv:      It lets you see invisible.
Talismans
 a - a granite talisman (active)
 U - a storm talisman
Wands
 r - a wand of digging (4)
 A - a wand of light (44)
 D - a wand of paralysis (11)
 I - a wand of roots (62)
 L - a wand of polymorph (12)
Scrolls
 h - 37 scrolls of teleportation
 l - 6 scrolls of blinking
 n - 3 scrolls of noise
 s - 4 scrolls of poison
 t - 4 scrolls of fear
 C - 12 scrolls of revelation
 E - 3 scrolls of torment
 H - 8 scrolls of immolation
 J - 4 scrolls of enchant armour
 K - 20 scrolls of fog
 N - 13 scrolls of vulnerability
 O - 3 scrolls of silence
Potions
 d - 8 potions of lignification
 f - 9 potions of invisibility
 i - 13 potions of mutation
 j - 15 potions of enlightenment
 m - 38 potions of curing
 o - 7 potions of resistance
 p - 19 potions of heal wounds
 v - 12 potions of attraction
 z - 9 potions of ambrosia
 F - 9 potions of might
 G - 9 potions of magic
 R - 6 potions of cancellation
 T - 10 potions of haste
Miscellaneous
 q - a condenser vane


   Skills:
 - Level 21.6 Fighting
 - Level 3.0 Throwing
 - Level 22.4 Shields
 O Level 27 Unarmed Combat
 + Level 11.9 Air Magic
 - Level 25.0 Shapeshifting


You had 23 spell levels left.
You knew the following spells:

 Your Spells              Type           Power      Damage    Failure   Level
a - Swiftness             Air            9%         N/A       9%          3

Your spell library contained the following spells:

 Spells                   Type           Power      Damage    Failure   Level
 Airstrike                Air            4%         2d(1-17)  19%         4
 Shock                    Conj/Air       16%        1d4       21%         1
 Static Discharge         Conj/Air       8%         3-4/arc   28%         2
 Foxfire                  Conj/Fire      0%         2x1d4     82%         1
 Kiss of Death            Conj/Necr      0%         2d5       82%         1
 Magic Dart               Conj           0%         1d3       82%         1
 Necrotise                Necr           0%         1d4       82%         1
 Slow                     Hex            0%         N/A       82%         1
 Searing Ray              Conj           0%         2d4       90%         2
 Arcjolt                  Conj/Air       2%         1d12      97%         5
 Silence                  Hex/Air        2%         N/A       97%         5
 Confusing Touch          Hex            0%         N/A       98%         3
 Dazzling Flash           Conj/Hex       0%         N/A       98%         3
 Fugue of the Fallen      Necr           0%         N/A       98%         3
 Sigil of Binding         Hex            0%         N/A       98%         3
 Stone Arrow              Conj/Erth      0%         3d7       98%         3
 Vampiric Draining        Necr           0%         2d6       98%         3
 Anguish                  Hex/Necr       0%         N/A       100%        4
 Brom's Barrelling Bould  Conj/Erth      0%         2d3       100%        4
 Cause Fear               Hex            0%         N/A       100%        4
 Dispel Undead            Necr           0%         3d6       100%        4
 Agony                    Necr           0%         N/A       100%        5
 Borgnjor's Vile Clutch   Necr/Erth      0%         N/A       100%        5
 Iskenderun's Battlesphe  Conj           0%         2d6       100%        5
 Lee's Rapid Deconstruct  Erth           0%         3d4*      100%        5
 Bombard                  Conj/Erth      0%         9d1       100%        6
 Conjure Ball Lightning   Conj/Air       2%         3x3d6     100%        6
 Plasma Beam              Fire/Air       2%         2x1d12    100%        6
 Starburst                Conj/Fire      0%         6d3       100%        6
 Enfeeble                 Hex            0%         N/A       100%        7
 Orb of Destruction       Conj           0%         9d5       100%        7
 Borgnjor's Revivificati  Necr           0%         N/A       100%        8
 Discord                  Hex            0%         N/A       100%        8
 Lehudib's Crystal Spear  Conj/Erth      0%         10d2      100%        8
 Maxwell's Capacitive Co  Air            4%         ∞         100%        8
 Death's Door             Necr           0%         N/A       100%        9
 Fire Storm               Conj/Fire      0%         5d1       100%        9
 Mephitic Cloud           Conj/Alch/Air  Unusable   N/A       N/A         3
 Summon Lightning Spire   Summ/Air       Unusable   N/A       N/A         4
 Vhi's Electric Charge    Tloc/Air       Unusable   N/A       N/A         4
 Apportation              Tloc           Unusable   N/A       N/A         1
 Sting                    Conj/Alch      Unusable   1d3       N/A         1
 Summon Small Mammal      Summ           Unusable   N/A       N/A         1
 Call Canine Familiar     Summ           Unusable   N/A       N/A         3
 Summon Guardian Golem    Hex/Summ       Unusable   N/A       N/A         3
 Volatile Blastmotes      Fire/Tloc      Unusable   2d10      N/A         3
 Animate Armour           Summ/Erth      Unusable   N/A       N/A         4
 Animate Dead             Necr           Unusable   N/A       N/A         4
 Dimensional Bullseye     Hex/Tloc       Unusable   N/A       N/A         4
 Fulminant Prism          Conj/Alch      Unusable   3d5       N/A         4
 Alistair's Intoxication  Alch           Unusable   N/A       N/A         5
 Eringya's Noxious Bog    Alch           Unusable   4d6       N/A         6
 Haunt                    Necr/Summ      Unusable   N/A       N/A         7
 Spellforged Servitor     Conj/Summ      Unusable   N/A       N/A         7
 Disjunction              Tloc           Unusable   N/A       N/A         8

Dungeon Overview and Level Annotations

Branches:
Dungeon (15/15)            Temple (1/1) D:4            Lair (5/5) D:11
 Shoals (4/4) Lair:3       Spider (4/4) Lair:2        Slime (5/5) Lair:4
    Orc (2/2) D:12            Elf (3/3) Orc:2        Vaults (5/5) D:14
  Crypt (3/3) Vaults:3       Tomb (0/3) Crypt:3      Depths (4/4) D:15
   Hell (visited)             Dis (0/7) Hell            Geh (0/7) Hell
    Coc (0/7) Hell            Tar (0/7) Hell            Zot (5/5) Depths:4
Ossuary (visited)          Bailey (visited)

Altars:
Ashenzari
Cheibriados
Dithmenos
Elyvilon
Gozag
Kikubaaqudgha
Makhleb
Nemelex Xobeh
Okawaru
Qazlal
Ru
Sif Muna
Trog
Uskayaw
Vehumet
Wu Jian
Xom
Zin
The Shining One

Shops:
D:1 [:![?   D:2 (   D:4 *   D:15 (*   Orc:2 *[*:   Elf:2 (   Elf:3 !
Shoals:1 =   Vaults:5 !!?!!   Depths:3 ***

Portals:
Hell: Lair:5 Depths:1 Depths:2 Depths:3 Depths:4
Abyss: Depths:3 Depths:4
Pandemonium: Depths:1 Depths:2

Annotations:
Lair:1 2 transporters, wildpjah's ghost, journeyman DjGl
Elf:2 3 runed translucent doors
Elf:3 1 exclusion
Zot:1 3 runed translucent doors, whatisthis's ghost, veteran OnBe
Zot:5 1 transporter


Innate Abilities, Weirdness & Mutations

You are a living statue of rough stone.
Your actions are slow, but your melee attacks are powerful.
You are resistant to unholy torment.
Your maximum health is greatly increased.
Your equipment is partially melded.
You are too large for most types of armour.
You are immune to poison.
You have claws for hands.
You are clumsy. (Dex -2)
Your magical capacity is very low. (-20% MP)
Your natural rate of healing is unusually fast.
((You are covered in fur. (AC +1)))
((You have tough skin. (AC +1)))
You are hated by all.
You cannot train Dodging skill.
You cannot study or cast Ice magic.
You cannot study or cast Alchemy magic.
You cannot study or cast Translocations magic.
Your casting is seriously disrupted.
Armour fits poorly on your strangely shaped body.
You are very weak. (Str -4)


Message History

You regained 3 hp, and now have 367/391 hp.
You regained 2 hp, and now have 369/391 hp.
You regained 3 hp, and now have 372/391 hp.
You regained 2 hp, and now have 374/391 hp.
A chaos spawn, a white imp and a small abomination come into view.
There is a stone staircase leading up here.
You regained 3 hp, and now have 377/391 hp.
The chaos spawn screeches!
The white imp shouts!
You climb upwards.
There is a stone staircase leading down here.
You regained 6 hp, and now have 383/391 hp.
You regained 2 hp, and now have 385/391 hp.
There is a stone staircase leading up here.
You regained 3 hp, and now have 388/391 hp.
You climb upwards.
There is a stone staircase leading down here.
Health restored: 391
There is an open door here.
There is an open door here.
You see here a +0 dagger.
There is an open door here.
An Orb Guardian comes into view.
You mangle the Orb Guardian!!
The Orb Guardian is heavily wounded.
The Orb Guardian hits you but does no damage.
You closely miss the Orb Guardian.
The Orb Guardian is heavily wounded.
The Orb Guardian is stunned by your conviction and fails to attack.
You scratch the Orb Guardian but do no damage.
The Orb Guardian is heavily wounded.
The Orb Guardian hits you.
You take 4 damage, and have 387/391 hp.
You eviscerate the Orb Guardian!!!!!
You kill the Orb Guardian!
You regained 2 hp, and now have 389/391 hp.
HP restored.
There is an open door here.
There is a staircase leading out of the dungeon here.
Health restored: 391 You have escaped!

### ########### ##8##
#.........#
###...####.#######.#
#Z#...#^##.# #.#
####### ###...####.#
#.# ......#
#Z#...#Z##.#######.##
......#
###...####.#.........
......#
#Z#...#Z##.#.#####.##
......#
###..#####.#.....#.#.
......# #^#..#^#
#.#...#.#.#.


You could see a demigod skeleton.

Vanquished Creatures
  the Royal Jelly (Slime:5)
  7 dread liches
  2 ancient liches
  Tiamat (Zot:2)
  6 orbs of fire
  Mara (Spider:4)
  4 pandemonium lords
  2 juggernauts
  2 royal mummies (Zig:10)
  Sojobo (Depths:1)
  Xtahua (Crypt:3)
  9 Killer Klowns
  Bai Suzhen (Depths:1)
  Vv (Zot:4)
  4 curse toes
  5 golden dragons
  Nikola (Shoals:3)
  Geryon (Hell)
  Norris (Depths:2)
  2 bone dragons (Zot:2)
  the Enchantress (D:15)
  An iron giant (Zig:1)
  6 electric golems
  2 hellephants (Depths:3)
  An Ice Fiend (Zot:2)
  A Hell Sentinel (Zig:6)
  Rupert (D:14)
  2 deep elf blademasters (Elf:3)
  Mlioglotl (Shoals:3)
  A walking crystal tome (Depths:2)
  A walking frostbound tome (Depths:2)
  5 liches
  21 tentacled monstrosities
  28 Orb Guardians
  Asterion (Vaults:2)
  2 titans
  2 deep elf master archers (Elf:3)
  The ghost of Ogit the Rich, an adept GnGl of Gozag (Lair:2)
  An eldritch tentacle (Zot:5)
  4 quicksilver dragons
  16 acid blobs
  6 tentacled starspawn
  2 krakens
  9 sphinxes
  2 Executioners
  5 ancient champions
  13 death cobs
  Kirke (Spider:4)
  15 shadow dragons
  12 storm dragons
  11 tengu reavers
  Aizul (Lair:3)
  Donald (Vaults:1)
  7 draconian knights
  4 revenants
  10 fire giants
  15 azure jellies
  8 protean progenitors
  12 rockslimes
  7 deep elf sorcerers
  10 draconian monks
  3 emperor scorpions
  9 frost giants
  5 balrugs
  5 deep elf elementalists (Elf:3)
  7 draconian shifters
  6 iron dragons
  14 vault wardens
  A caustic shrike zombie (Zig:10)
  A spectral caustic shrike (Crypt:3)
  13 draconian scorchers
  An angel (D:15)
  8 ghost moths
  2 orc warlords (Vaults:3)
  A reaper (Hell)
  15 formless jellyfish
  8 draconian stormcallers
  2 juggernaut skeletons
  3 spriggan defenders (D:15)
  5 broodmothers
  24 very ugly things
  3 curse skulls
  10 quicksilver oozes
  A demonspawn blood saint (Zig:6)
  3 ironbound thunderhulks
  15 stone giants
  7 war gargoyles
  13 draconian annihilators
  15 ironbound preservers
  5 vampire knights
  An apis (Shoals:3)
  13 green draconians
  7 deep elf death magi
  7 dire elephants
  A lorocyproca (Abyss:5)
  9 black draconians
  A spectral titan (Crypt:3)
  7 deep elf demonologists
  8 deep elf annihilators
  23 purple draconians
  15 spark wasps
  15 yellow draconians
  A wendigo (Hell)
  17 white draconians
  14 red draconians
  An iron golem (Hell)
  5 merfolk javelineers
  11 eidola
  15 ettins
  Josephine (D:13)
  2 mummy priests (Zig:10)
  3 crystal guardians
  A spectral iron giant (Crypt:3)
  14 merfolk impalers
  A blizzard demon (Zig:6)
  7 jiangshi
  2 spectral quicksilver dragons (Crypt:3)
  7 deep elf high priests
  4 entropy weavers
  The ghost of TheScarfBastard the Cleaver, a journeyman MiBe of Trog (D:11)
  A spriggan zombie (Crypt:1)
  14 fire dragons
  15 yaktaur captains
  2 spectral spriggans (Crypt:3)
  11 ice dragons
  3 hell beasts
  2 rakshasas
  35 vault guards
  9 hydras
  7 peacekeepers
  2 caustic shrike simulacra
  7 spriggan air magi
  9 great orbs of eyes
  2 ogre magi (Vaults:4)
  5 ironbound frosthearts
  An Orb Guardian zombie (Crypt:2)
  2 radroaches (Spider:3)
  5 death knights
  2 jorogumos (Zot:3)
  A fenstrider witch skeleton (Crypt:1)
  10 merfolk aquamancers
  5 merfolk avatars
  2 spriggan skeletons (Crypt:3)
  4 satyrs
  18 centaur warriors
  2 anacondas (Zot:3)
  13 dancing weapons
  A spectral frost giant (Zig:3)
  9 boulder beetles
  9 death yaks
  6 orc high priests
  A spectral storm dragon (Crypt:3)
  7 hell hogs
  10 tengu warriors
  14 thrashing horrors
  11 deep troll shamans
  3 alligator snapping turtles
  2 death scarabs (Zig:10)
  8 vampire magi
  10 deep troll earth magi
  7 two-headed ogres
  An occultist (Lair:5)
  Urug (Lair:4)
  8 demonic crawlers
  A spectral dire elephant (Crypt:3)
  19 hell knights
  6 spriggan berserkers
  2 holy swine
  Nergalle (D:12)
  A shock serpent (shapeshifter) (Vaults:3)
  9 soul eaters
  A titan zombie (Depths:3)
  13 iron trolls
  8 skysharks
  12 deep elf knights
  12 sun demons
  4 sixfirhies
  3 pharaoh ants
  7 shadow wraiths
  A skyshark (shapeshifter) (Depths:2)
  8 sea snakes
  16 skeletal warriors
  A bunyip zombie (Crypt:1)
  2 golden dragon zombies
  37 deep trolls
  2 wretched stars (Abyss:3)
  2 spatial maelstroms
  3 sun moths
  2 death drakes (Zot:3)
  13 flayed ghosts
  2 goliath frogs (Zot:1)
  An orange crystal statue (Zig:10)
  A deep troll (shapeshifter) (Vaults:3)
  A death drake (shapeshifter) (Vaults:5)
  A spectral anaconda (Crypt:3)
  A spectral bunyip (Crypt:3)
  A shadow demon (D:3)
  12 orb spiders
  Pikel (D:4)
  2 iron giant skeletons (Crypt:3)
  2 obsidian statues (Zig:10)
  11 arcanists
  2 spriggan simulacra
  4 cherubim
  17 phantasmal warriors
  13 deep elf archers
  18 ironbound convokers
  5 glowing orange brains
  26 deep elf zephyrmancers
  2 bunyip skeletons
  28 deep elf pyromancers
  8 steelbarb worms
  5 large abominations
  6 harpies
  6 lindwurms
  A wolf spider zombie (Crypt:1)
  A shadow dragon skeleton (Zig:10)
  7 orc knights
  17 necromancers
  33 ugly things
  19 wolf spiders
  2 shining eyes
  A shining eye (shapeshifter) (Depths:3)
  3 orc sorcerers
  21 moths of wrath
  15 manticores
  5 elephants (Lair:5)
  A salamander (Depths:4)
  15 cyclopes
  A will-o-the-wisp (Lair:5)
  7 fauns
  16 merfolk sirens
  2 black mambas
  2 apocalypse crabs
  Joseph (D:8)
  An ice statue (Zig:10)
  A worldbinder (Abyss:5)
  A stone giant skeleton (Vaults:1)
  2 rust devils (Lair:5)
  A spectral alligator snapping turtle (Crypt:3)
  An alligator snapping turtle zombie (Abyss:2)
  10 smoke demons
  18 vault sentinels
  3 molten gargoyles (Hell)
  4 eyes of devastation
  A torpor snail (shapeshifter) (Vaults:3)
  8 gargoyles
  4 water nymphs
  2 torpor snails
  An orange demon (Lair:5)
  A dire elephant skeleton (Crypt:1)
  An unseen horror (shapeshifter) (D:11)
  12 cane toads
  Maggie (D:6)
  40 yaktaurs
  A centaur skeleton (Crypt:1)
  5 hellions
  5 rime drakes
  Jeremiah (D:7)
  11 komodo dragons
  A kobold demonologist (D:11)
  An efreet (D:6)
  20 freezing wraiths
  A yaktaur skeleton (Vaults:1)
  3 tengu conjurers
  2 ice devils
  A tormentor (Hell)
  2 spectral nagas (Crypt:3)
  A green draconian skeleton (Crypt:1)
  A minotaur skeleton (Crypt:2)
  4 red devils (Lair:5)
  3 trolls
  3 ancient zymes
  6 guardian mummies
  8 meliai
  A queen bee (shapeshifter) (D:13)
  2 polar bears (Lair:5)
  3 shadow dragon simulacra
  31 merfolk
  2 hellwings
  28 tarantellas
  A troll (shapeshifter) (D:13)
  5 wind drakes
  8 hornets
  9 blink frogs
  7 raiju
  A tarantella (shapeshifter) (Vaults:3)
  A satyr zombie (Crypt:2)
  7 snapping turtles
  An ettin zombie (Vaults:1)
  Prince Ribbit (D:5)
  A human simulacrum (Vaults:3)
  18 dream sheep
  A glass eye (shapeshifter) (Depths:1)
  A fire giant simulacrum (Vaults:2)
  A fire dragon zombie (Crypt:1)
  27 jumping spiders
  A glass eye (Depths:4)
  A blink frog (shapeshifter) (Abyss:2)
  14 culicivoras
  A spectral black mamba (Crypt:3)
  5 ynoxinuls
  A culicivora (shapeshifter) (Vaults:5)
  4 shadows
  3 centaur simulacra
  81 slime creatures
  A black mamba zombie (Crypt:1)
  A slime creature zombie (Crypt:3)
  6 spriggans
  3 small abominations
  2 air elementals (Elf:1)
  An ice dragon skeleton (Crypt:1)
  19 wraiths
  2 wyverns
  A wind drake zombie (Crypt:1)
  10 water elementals
  2 ushabtiu (Zig:10)
  A vampire (D:9)
  4 fire elementals
  15 humans (D:14)
  48 yaks
  6 basilisks
  A basilisk (shapeshifter) (D:14)
  6 hogs
  6 starcursed masses (Abyss:5)
  42 redbacks
  A black mamba skeleton (Crypt:1)
  Grum (D:9)
  5 golden eyes
  4 neqoxecs
  A warg (D:12)
  14 vampire mosquitoes
  2 chaos spawn
  Menkaure (D:5)
  3 steam dragons
  Edmund (D:4)
  A swamp worm (shapeshifter) (Depths:2)
  3 harpy simulacra
  4 acid dragons
  A demonspawn zombie (Crypt:1)
  A naga zombie (Crypt:1)
  A faun zombie (Crypt:3)
  19 water moccasins
  Duvessa (D:7)
  A deep troll skeleton (Crypt:1)
  3 naga skeletons (Crypt:1)
  5 hell hounds (Lair:5)
  A swamp drake (Orc:2)
  31 orc warriors
  4 sky beasts (D:7)
  A glowing shapeshifter skeleton (Crypt:1)
  3 ice beasts
  3 black bears
  A lindwurm zombie (Crypt:2)
  5 human zombies
  11 wolves
  5 ogres
  A dream sheep skeleton (Crypt:1)
  5 human skeletons
  4 centaurs
  5 laughing skulls (Crypt:1)
  3 kobold brigands (D:7)
  2 weeping skulls (Abyss:5)
  Blork the orc (D:5)
  An elf simulacrum (Vaults:1)
  A rime drake skeleton (Crypt:3)
  A brain worm (Abyss:2)
  13 bullfrogs
  7 earth elementals
  A glowing shapeshifter simulacrum (Vaults:2)
  A gnoll sergeant (D:6)
  2 naga simulacra
  A scorpion (D:6)
  2 burial acolytes (Ossuary)
  4 wights (Ossuary)
  A troll zombie (Crypt:2)
  Dowan (D:7)
  6 killer bees (D:9)
  4 howler monkeys
  A yak skeleton (Crypt:3)
  A raiju skeleton (Crypt:1)
  A howler monkey (shapeshifter) (D:13)
  3 electric eels
  A crimson imp (Orc:2)
  5 jellies
  A quasit (Abyss:3)
  36 orc priests
  A bombardier beetle (D:5)
  A hound (D:5)
  3 gnoll boudas
  3 iron imps
  A sleepcap (D:6)
  Crazy Yiuf (D:4)
  19 orc wizards
  2 iguanas
  18 hell rats
  3 polar bear simulacra (Lair:3)
  3 yak simulacra (Lair:3)
  12 mummies
  14 gnolls
  3 adders
  A river rat (Lair:3)
  A shadow imp (Orc:2)
  A white imp (Orc:2)
  3 ufetubi (Abyss:2)
  An adder zombie (Ossuary)
  A worm (D:2)
  3 dart slugs (D:3)
  62 orcs
  2 bats
  3 endoplasms
  2 giant cockroaches
  10 goblins
  6 hobgoblins
  6 jackals (D:4)
  27 kobolds
  2 quokkas
  8 ball pythons
  A ball python skeleton (Ossuary)
  4 frilled lizards
  A gnoll skeleton (Crypt:3)
  A hobgoblin zombie (Ossuary)
  An orc skeleton (Ossuary)
  2 orc zombies (Ossuary)
  8 rats
  5 river rat simulacra (Lair:3)
  4 starspawn tentacles
  5 tentacles
2698 creatures vanquished.

Vanquished Creatures (others)
  A dread lich (Zot:5)
  Arachne (Spider:3)
  A lich (Depths:2)
  2 acid blobs (Slime:5)
  A death cob (Zot:3)
  A daeva (Shoals:3)
  A draconian knight (Zot:1)
  A quicksilver ooze (Slime:5)
  A vampire knight (Crypt:1)
  A black draconian (Zot:2)
  A deep elf annihilator (Elf:2)
  3 red draconians
  A white draconian (Zot:3)
  An entropy weaver (Spider:3)
  2 vault guards
  An ice dragon (Depths:2)
  A merfolk aquamancer (Shoals:3)
  A centaur warrior (D:11)
  A spriggan berserker (Depths:2)
  A deep troll earth mage (Depths:3)
  3 deep elf knights
  2 deep trolls (Depths:2)
  2 deep elf zephyrmancers (Elf:1)
  An orc knight (Vaults:3)
  A deep elf archer (Elf:2)
  An ironbound convoker (Vaults:3)
  2 deep elf pyromancers
  2 necromancers
  A vault sentinel (Vaults:5)
  2 cane toads
  An orange demon (Zot:3)
  2 yaktaurs
  A harpy skeleton (Crypt:3)
  A tarantella (Spider:3)
  A merfolk (Shoals:1)
  3 slime creatures
  A culicivora (Spider:4)
  A spriggan (Depths:1)
  A water elemental (Shoals:4)
  2 yaks
  A human (Spider:4)
  2 redbacks
  2 spatial vortices (Abyss:4)
  2 orc warriors
  An orc priest (D:8)
  A starcursed mass (Abyss:5)
  2 orc wizards
  A hell rat (Hell)
  2 orcs (D:8)
  6 foxfires (Lair:5)
  12 starspawn tentacles
  10 tentacles
97 creatures vanquished.

Grand Total: 2795 creatures vanquished

Notes
Turn   | Place    | Note
-------+----------+-------------------------------------------
     0 | D:1      | jasper the Troll Fighter began the quest for the Orb.
     0 | D:1      | Reached XP level 1. HP: 22/22 MP: 0/0
    19 | D:1      | Noticed a minotaur skeleton
    60 | D:1      | Found Hoigufon's Distillery.
    78 | D:1      | Found Ximmap's Book Emporium.
    79 | D:1      | Found Butiegoh's Armour Shoppe.
   136 | D:1      | Found Ifayda's Magic Scroll Shop.
   179 | D:1      | Reached XP level 2. HP: 29/29 MP: 1/1
   566 | D:1      | Found Seqorr's Armour Shop.
  1202 | D:2      | Found Xaliceeps's Weapon Emporium.
  1335 | D:2      | Reached XP level 3. HP: 36/36 MP: 2/2
  1847 | D:3      | Reached skill level 3 in Unarmed Combat
  1856 | D:3      | Found a white marble altar of Elyvilon.
  1968 | D:3      | Reached XP level 4. HP: 29/44 MP: 3/3
  2343 | D:4      | Found a staircase to the Ecumenical Temple.
  2353 | Temple   | Entered the Ecumenical Temple
  2358 | Temple   | Became a worshipper of Ru the Awakened
  2457 | D:4      | Reached XP level 5. HP: 48/53 MP: 4/4
  2611 | D:4      | Found a runed translucent door.
  2612 | D:4      | Noticed Crazy Yiuf
  2671 | D:4      | Reached skill level 4 in Unarmed Combat
  2727 | D:4      | Noticed Pikel
  2727 | D:4      | Noticed a lemure
  2727 | D:4      | Noticed a lemure
  2727 | D:4      | Noticed a lemure
  2727 | D:4      | Noticed a lemure
  2744 | D:4      | Killed Pikel
  2745 | D:4      | Reached skill level 5 in Unarmed Combat
  2745 | D:4      | Reached XP level 6. HP: 34/62 MP: 5/5
  2745 | D:4      | Reached XP level 7. HP: 38/70 MP: 6/6
  2749 | D:4      | Reached skill level 6 in Unarmed Combat
  2836 | D:4      | Killed Crazy Yiuf
  2941 | D:4      | Found Dorum's General Store.
  2950 | D:4      | Bought a potion of resistance for 140 gold pieces
  3035 | D:4      | Noticed Edmund
  3044 | D:4      | Killed Edmund
  3398 | D:5      | Entered Level 5 of the Dungeon
  3408 | D:5      | Noticed Menkaure
  3421 | D:5      | Killed Menkaure
  3521 | D:5      | Reached skill level 5 in Shields
  3521 | D:5      | Reached XP level 8. HP: 79/79 MP: 7/7
  3592 | D:5      | Reached skill level 7 in Unarmed Combat
  3667 | D:5      | Gained mutation: You cannot study or cast Ice magic. [Ru
                  | sacrifice]
  3667 | D:5      | Gained mutation: You cannot study or cast Alchemy magic.
                  | [Ru sacrifice]
  3667 | D:5      | Gained mutation: You cannot study or cast Translocations
                  | magic. [Ru sacrifice]
  3667 | D:5      | Reached * piety under Ru
  4019 | D:5      | Noticed Prince Ribbit
  4031 | D:5      | Killed Prince Ribbit
  4032 | D:5      | Reached skill level 5 in Fighting
  4196 | D:5      | Noticed Blork the orc
  4208 | D:5      | Killed Blork the orc
  4209 | D:5      | Reached skill level 1 in Throwing
  4209 | D:5      | Reached skill level 8 in Unarmed Combat
  4358 | D:6      | Identified the +9 long sword of jasper's Slow Death
                  | {distort, rC- Str+4 Stlth+}
  4494 | D:6      | Reached XP level 9. HP: 88/88 MP: 8/8
  4689 | D:6      | Noticed Maggie
  4777 | D:6      | Killed Maggie
  4778 | D:6      | Reached skill level 9 in Unarmed Combat
  5107 | D:7      | Noticed Duvessa
  5110 | D:7      | Noticed Dowan
  5119 | D:7      | Killed Duvessa
  5130 | D:7      | Killed Dowan
  5266 | D:7      | Noticed Jeremiah
  5290 | D:7      | Killed Jeremiah
  5291 | D:7      | Reached skill level 10 in Unarmed Combat
  5369 | D:7      | Reached XP level 10. HP: 100/100 MP: 9/9
  5635 | D:8      | Gained mutation: You are clumsy. (Dex -2) [Ru sacrifice]
  5644 | D:8      | Found a stormy altar of Qazlal.
  5674 | D:8      | Noticed Joseph
  5689 | D:8      | Killed Joseph
  5948 | D:8      | Found a sand-covered staircase.
  5956 | Ossuary  | Entered an ossuary
  6120 | Ossuary  | Reached skill level 11 in Unarmed Combat
  6480 | D:8      | Identified a scroll of acquirement
  6480 | D:8      | Acquired 612 gold pieces
  7059 | D:9      | Noticed a two-headed ogre
  7064 | D:9      | Killed a two-headed ogre
  7096 | D:9      | Paralysed by a gnoll bouda for 3 turns
  7255 | D:9      | Noticed Grum
  7268 | D:9      | Killed Grum
  7279 | D:9      | Reached XP level 11. HP: 89/109 MP: 10/10
  7282 | D:9      | Reached skill level 12 in Unarmed Combat
  7458 | D:10     | Entered Level 10 of the Dungeon
  7483 | D:10     | Noticed a two-headed ogre
  7491 | D:10     | Killed a two-headed ogre
  7495 | D:10     | Found a flagged portal.
  7522 | Bailey   | Entered a bailey
  7757 | Bailey   | Gained mutation: You are hated by all. [Ru sacrifice]
  7757 | Bailey   | Reached ** piety under Ru
  7757 | Bailey   | Reached *** piety under Ru
  7898 | D:10     | Noticed a two-headed ogre
  7948 | D:10     | Killed a two-headed ogre
  8342 | D:10     | Found a hide-covered altar of Uskayaw.
  8634 | D:10     | Noticed a tengu warrior
  8649 | D:10     | Reached skill level 13 in Unarmed Combat
  8656 | D:10     | Killed a tengu warrior
  8729 | D:11     | Noticed a purple ugly thing
  8739 | D:11     | Killed a purple ugly thing
  8762 | D:11     | Found a runed translucent door.
  8762 | D:11     | Found a shimmering altar of Xom.
  8762 | D:11     | Noticed TheScarfBastard's ghost (journeyman MiBe)
  8763 | D:11     | Noticed a +0 scimitar of chaos
  8785 | D:11     | Found a staircase to the Lair.
  8859 | D:11     | Noticed a brown ugly thing
  8865 | D:11     | Killed a brown ugly thing
  8867 | D:11     | Noticed a boulder beetle
  8898 | D:11     | Killed a boulder beetle
  8899 | D:11     | Reached XP level 12. HP: 58/122 MP: 11/11
  9027 | D:11     | Noticed a centaur warrior
  9050 | D:11     | Reached skill level 14 in Unarmed Combat
  9057 | D:11     | Killed a centaur warrior
  9078 | D:11     | Noticed a five-headed hydra
  9078 | D:11     | Identified the ring "Vamolaud" {rF+ Dex+2 SInv}
  9078 | D:11     | Noticed a tengu warrior
  9096 | D:11     | Identified the ring "Cotzafoy" {rC++ Int+6}
  9096 | D:11     | Noticed a centaur warrior
  9099 | D:11     | Killed a centaur warrior
  9101 | D:11     | Identified the ring "Ekkua" {MP+9 Dex+9 Slay-5}
  9102 | D:11     | Identified the amulet "Vier" {Spirit rCorr Stlth+}
  9163 | D:10     | Noticed a two-headed ogre
  9171 | D:10     | Killed a two-headed ogre
  9236 | Lair:1   | Entered Level 1 of the Lair of Beasts
  9414 | Lair:1   | Found a transporter.
  9414 | Lair:1   | Noticed wildpjah's ghost (journeyman DjGl)
  9492 | Lair:1   | Reached skill level 10 in Shields
  9617 | Lair:1   | Found a transporter.
  9754 | Lair:1   | Gained mutation: Your casting is slightly disrupted. [Ru
                  | sacrifice]
  9789 | Lair:1   | Reached skill level 15 in Unarmed Combat
 10390 | Lair:2   | Found a runed translucent door.
 10409 | Lair:2   | Noticed Ogit's ghost (adept GnGl)
 10430 | Lair:2   | Killed Ogit's ghost
 10812 | Lair:2   | Reached XP level 13. HP: 132/132 MP: 12/12
 11029 | Lair:2   | Found a hole to the Spider Nest.
 11414 | Lair:3   | Found a staircase to the Shoals.
 11525 | Lair:3   | Gained mutation: You cannot train Dodging skill. [Ru
                  | sacrifice]
 11525 | Lair:3   | Reached **** piety under Ru
 11525 | Lair:3   | Reached ***** piety under Ru
 11893 | Lair:3   | Reached skill level 10 in Fighting
 12293 | Lair:4   | Found a runed translucent door.
 12293 | Lair:4   | Noticed an acid blob
 12296 | Lair:4   | Found a staircase to the Slime Pits.
 12296 | Lair:4   | Noticed an acid blob
 12296 | Lair:4   | Noticed an acid blob
 12387 | Lair:4   | Reached skill level 16 in Unarmed Combat
 12388 | Lair:4   | Found a stormy altar of Qazlal.
 12792 | Lair:4   | Noticed Urug
 12806 | Lair:4   | Killed Urug
 13090 | Lair:5   | Entered Level 5 of the Lair of Beasts
 13638 | Lair:5   | Reached skill level 17 in Unarmed Combat
 13722 | Lair:5   | Identified the +2 robe of the Spider Nest {rC++ Archmagi}
 13775 | Lair:5   | Reached XP level 14. HP: 144/144 MP: 13/13
 14325 | Abyss:2  | Found a corrupted altar of Lugonu.
 14325 | Abyss:2  | Cast into level 2 of the Abyss (an occultist)
 14397 | Abyss:2  | Noticed a tentacled starspawn
 14411 | Abyss:2  | Killed a tentacled starspawn
 14463 | Abyss:2  | Noticed a tentacled starspawn
 14478 | Abyss:2  | Killed a tentacled starspawn
 14515 | Abyss:2  | HP: 3/146 [sun demon (19)]
 14678 | Abyss:2  | Reached skill level 18 in Unarmed Combat
 14692 | Abyss:2  | Gained mutation: You are very clumsy. (Dex -4) [a neqoxec]
 14696 | Lair:5   | Escaped the Abyss
 14706 | Lair:5   | Found a burning altar of Makhleb.
 14716 | Lair:5   | Found a gateway to Hell.
 15705 | D:11     | Killed TheScarfBastard's ghost
 15921 | D:12     | Found a staircase to the Orcish Mines.
 15937 | Orc:1    | Entered Level 1 of the Orcish Mines
 16323 | Orc:2    | Entered Level 2 of the Orcish Mines
 16452 | Orc:2    | Identified the +4 hat of Dice, Bag, and Bottle {+Inv Str-5
                  | Dex+3}
 16586 | Orc:2    | Found a staircase to the Elven Halls.
 16815 | Orc:2    | Gained mutation: Your casting is disrupted. [Ru sacrifice]
 16837 | Orc:2    | Reached XP level 15. HP: 107/139 MP: 7/14
 17034 | Orc:2    | Found Cippifau's Book Boutique.
 17034 | Orc:2    | Found Beirgh's General Store.
 17035 | Orc:2    | Found Vifamic's General Store.
 17035 | Orc:2    | Found Ecorusm's Antique Armour Shop.
 17306 | D:12     | Noticed Nergalle
 17315 | D:12     | Killed Nergalle
 17316 | D:12     | Reached skill level 19 in Unarmed Combat
 18157 | D:13     | Noticed Josephine
 18164 | D:13     | Killed Josephine
 18175 | D:13     | Identified the +1 ring mail of Terror {+Inv}
 18903 | D:13     | Found a glowing golden altar of the Shining One.
 19065 | D:13     | Gained mutation: Your magical capacity is low. (-10% MP)
                  | [Ru sacrifice]
 19693 | D:14     | Reached skill level 20 in Unarmed Combat
 19905 | D:14     | Found a gate to the Vaults.
 19929 | D:14     | Reached XP level 16. HP: 104/159 MP: 7/13
 20108 | D:14     | Noticed Rupert
 20126 | D:14     | Killed Rupert
 20547 | D:15     | Entered Level 15 of the Dungeon
 20572 | D:15     | Found an opulent altar of Gozag.
 20572 | D:15     | Found Gozag's Platinum Reserve.
 20699 | D:15     | Found a staircase to the Depths.
 20714 | D:15     | HP: 3/167 [stone giant/large rock (27)]
 20850 | D:15     | Found Nepiown's Weapon Boutique.
 21194 | D:15     | Found an iron altar of Okawaru.
 21373 | D:15     | Gained mutation: Your casting is seriously disrupted. [Ru
                  | sacrifice]
 21718 | Shoals:1 | Entered Level 1 of the Shoals
 21718 | Shoals:1 | Identified the serpent talisman of Reason {rElec Dex+3}
 21718 | Shoals:1 | Noticed Aizul
 21731 | Lair:3   | Killed Aizul
 21927 | Elf:1    | Entered Level 1 of the Elven Halls
 22056 | Elf:1    | Paralysed by an air elemental for 1 turns
 22459 | Elf:1    | Reached skill level 21 in Unarmed Combat
 23328 | Elf:2    | Found a runed translucent gate.
 23329 | Elf:2    | Found a runed translucent gate.
 23329 | Elf:2    | Found a runed translucent gate.
 23490 | Elf:2    | Found Tibu Gun's Weapon Emporium.
 23922 | Elf:3    | Entered Level 3 of the Elven Halls
 23959 | Elf:3    | Found Miwol's Distillery.
 23972 | Elf:3    | Bought a potion of heal wounds for 60 gold pieces
 23972 | Elf:3    | Bought a potion of curing for 36 gold pieces
 24186 | Spider:1 | Entered Level 1 of the Spider Nest
 24200 | Spider:1 | Reached XP level 17. HP: 178/178 MP: 14/14
 24220 | Spider:1 | Gained mutation: Your magical capacity is very low. (-20%
                  | MP) [Ru sacrifice]
 24220 | Spider:1 | Reached ****** piety under Ru
 24237 | Spider:1 | Paralysed by a hornet for 3 turns
 24925 | Spider:1 | Reached skill level 15 in Shields
 25170 | Spider:2 | Reached skill level 22 in Unarmed Combat
 25530 | Spider:2 | Reached XP level 18. HP: 174/174 MP: 13/13
 26932 | Spider:4 | Entered Level 4 of the Spider Nest
 27019 | Spider:4 | Noticed Arachne
 27086 | Spider:3 | Killed Arachne
 28077 | Spider:4 | Noticed Mara
 28079 | Spider:4 | Noticed jasper's illusion
 28146 | Spider:4 | Killed Mara
 28261 | Spider:4 | Noticed Kirke
 28294 | Spider:4 | Killed Kirke
 28295 | Spider:4 | Reached skill level 23 in Unarmed Combat
 28477 | Spider:4 | Reached XP level 19. HP: 184/197 MP: 0/14
 28746 | Spider:4 | Got a gossamer rune of Zot
 29084 | Vaults:1 | Entered Level 1 of the Vaults
 29317 | Vaults:1 | Acquired 954 gold pieces
 29767 | Shoals:1 | Found Izxuucko's Jewellery Shop.
 29790 | Shoals:1 | Bought an amulet of regeneration for 330 gold pieces
 30009 | Shoals:1 | Identified the ring "Roqakhlecw" {rElec rPois Int+6 Dex-2}
 31082 | Shoals:3 | Noticed Mlioglotl
 31100 | Shoals:3 | Killed Mlioglotl
 31126 | Shoals:3 | Noticed Nikola
 31141 | Shoals:3 | Killed Nikola
 31169 | Shoals:3 | Reached skill level 15 in Fighting
 31935 | Shoals:4 | Entered Level 4 of the Shoals
 32049 | Shoals:4 | Reached skill level 24 in Unarmed Combat
 32334 | Shoals:4 | Identified the ring of Fiypsuri {rPois rF+ rCorr Dex-2
                  | SInv}
 33491 | Shoals:4 | Reached XP level 20. HP: 211/211 MP: 15/15
 33603 | Shoals:4 | Found a white marble altar of Elyvilon.
 33729 | Shoals:4 | Identified the +0 scimitar of Qanopruaxu {speed, rF+}
 33739 | Shoals:4 | Found a glowing golden altar of the Shining One.
 33836 | Shoals:4 | Found a glowing silver altar of Zin.
 33853 | Shoals:4 | Got a barnacled rune of Zot
 34456 | Elf:3    | Reached skill level 5 in Shapeshifting
 34796 | Elf:3    | Identified the ring of Mistrust {Fly rPois rF+ rC- Slay+4}
 35302 | Elf:3    | Identified the +8 dagger of Extremism {heavy, rElec rPois
                  | Str+7 Int-3}
 35608 | Elf:3    | Found the ring of the Octopus King {HP+2 AC+2 EV+2 SH+2
                  | SInv}
 35615 | Elf:3    | Identified the +6 broad axe of Conflict {freeze, *Slow
                  | +Blink rPois}
 35796 | Elf:3    | Got the Lectures on Searing Zombies
 36412 | Vaults:1 | Noticed Donald
 36422 | Vaults:1 | Killed Donald
 36457 | Vaults:1 | Paralysed by a formless jellyfish for 1 turns
 36673 | Vaults:1 | Reached skill level 10 in Shapeshifting
 37298 | Vaults:2 | Identified the +0 kite shield "Menner" {rElec}
 37298 | Vaults:2 | Noticed Asterion
 37319 | Vaults:2 | Killed Asterion
 37526 | Vaults:2 | Found a magical portal.
 38044 | Vaults:2 | Reached XP level 21. HP: 219/219 MP: 15/15
 38662 | Vaults:3 | Identified the ring "Wulli" {EV+5 Str+4 Slay-3 Stlth+}
 39049 | Vaults:3 | Found a staircase to the Crypt.
 39421 | Vaults:3 | Found the crystal ball of Wucad Mu {*channel}
 40105 | Vaults:4 | Reached skill level 15 in Shapeshifting
 40254 | Vaults:4 | Acquired 644 gold pieces
 40665 | Vaults:4 | Identified the +0 ring mail of Gigged {^Contam rC+ Str+3}
 41463 | Depths:1 | Entered Level 1 of the Depths
 41471 | Depths:1 | Noticed the Enchantress
 41476 | D:15     | Reached skill level 25 in Unarmed Combat
 41578 | D:15     | Killed the Enchantress
 41921 | D:15     | Reached skill level 26 in Unarmed Combat
 41972 | D:15     | Reached XP level 22. HP: 228/228 MP: 16/16
 42114 | Depths:1 | You are sucked into a shaft and drop 1 floor!
 42114 | Depths:2 | Noticed Norris
 42124 | Depths:2 | Killed Norris
 42235 | Depths:2 | Reached skill level 27 in Unarmed Combat
 42238 | Depths:2 | Noticed a golden dragon
 42243 | Depths:2 | Killed a golden dragon
 42626 | Depths:2 | Identified the staff of Glory {Dex+4 Conj Necro}
 43132 | Depths:2 | Found a one-way gate leading to the halls of Pandemonium.
 43300 | Depths:1 | Found a sparkling altar of Nemelex Xobeh.
 43328 | Depths:1 | Identified the +1 robe "Qoqes" {+Blink}
 43354 | Depths:1 | Noticed Sojobo
 43369 | Depths:1 | Paralysed by an air elemental for 1 turns
 43386 | Depths:1 | Killed Sojobo
 43620 | Depths:1 | Noticed Bai Suzhen
 43625 | Depths:1 | Killed Bai Suzhen
 44271 | Depths:3 | Found Zugoe's Assorted Antiques.
 44285 | Depths:3 | Bought a scroll of enchant armour for 255 gold pieces
 44285 | Depths:3 | Bought a scroll of teleportation for 102 gold pieces
 44285 | Depths:3 | Bought a potion of heal wounds for 170 gold pieces
 44432 | Depths:3 | Found a one-way gate to the infinite horrors of the Abyss.
 44536 | Depths:3 | Found Hamoupt's General Store.
 44537 | Depths:3 | Found Zupleoveg's Specific Store.
 44548 | Depths:3 | Bought a potion of curing for 42 gold pieces
 44548 | Depths:3 | Bought 2 potions of curing for 84 gold pieces
 44584 | Depths:3 | Reached XP level 23. HP: 239/239 MP: 17/17
 45351 | Depths:4 | Entered Level 4 of the Depths
 45360 | Depths:4 | Found a one-way gateway to a ziggurat.
 45441 | Depths:4 | Found a gate to the Realm of Zot.
 45640 | Depths:4 | Found a flickering gateway to a bazaar.
 45654 | Depths:4 | Noticed a juggernaut
 45656 | Bazaar   | Entered a bazaar
 45656 | Bazaar   | Found Bugohauf's Weapon Shoppe.
 45656 | Bazaar   | Found Ofouh's Antique Weapon Shoppe.
 45656 | Bazaar   | Found Xuckenn's Magic Scroll Shop.
 45668 | Bazaar   | Found Joca's Antique Armour Emporium.
 45734 | Depths:4 | Killed a juggernaut
 46579 | Slime:1  | Entered Level 1 of the Pits of Slime
 46741 | Slime:2  | Learned a level 3 spell: Swiftness
 47189 | Slime:5  | Entered Level 5 of the Pits of Slime
 47236 | Slime:5  | Noticed the Royal Jelly
 47273 | Slime:5  | Killed the Royal Jelly
 47274 | Slime:5  | Reached XP level 24. HP: 226/253 MP: 17/17
 47523 | Slime:5  | Found the +8 lance "Wyrmbane" {slay drac, rPois rF+ rC+
                  | AC+3}
 47560 | Slime:5  | Gained mutation: You are weak. (Str -2) [a shining eye]
 47574 | Slime:5  | Identified the amulet "Sylytwau" {Spirit Will+ SInv}
 47589 | Slime:5  | Got a slimy rune of Zot
 47592 | Slime:5  | Identified the amulet "Akeb Mayh" {RegenMP rElec Will++
                  | Int-3 Stlth+}
 48099 | Vaults:5 | Entered Level 5 of the Vaults
 48473 | Vaults:5 | Noticed an ancient lich
 48496 | Vaults:4 | Killed an ancient lich
 48548 | Vaults:5 | Identified the +7 short sword "Napy" {antimagic, Int+2}
 48548 | Vaults:5 | Identified the amulet "Tanimev" {*Corrode Regen+ Str+4
                  | Dex+2}
 48965 | Vaults:5 | Found the +2 hat of the Bear Spirit {Spirit, Bear, *Rage
                  | Will++}
 48990 | Vaults:5 | Got a silver rune of Zot
 49437 | Vaults:5 | Found Rirob's Distillery.
 49442 | Vaults:5 | Bought a potion of curing for 39 gold pieces
 49442 | Vaults:5 | Bought a potion of might for 52 gold pieces
 49442 | Vaults:5 | Bought a potion of curing for 39 gold pieces
 49442 | Vaults:5 | Bought a potion of curing for 39 gold pieces
 49442 | Vaults:5 | Bought a potion of might for 52 gold pieces
 49477 | Vaults:5 | Found Rupt's Distillery.
 49482 | Vaults:5 | Bought a potion of enlightenment for 75 gold pieces
 49482 | Vaults:5 | Bought a potion of resistance for 150 gold pieces
 49482 | Vaults:5 | Bought a potion of ambrosia for 120 gold pieces
 49482 | Vaults:5 | Bought 2 potions of cancellation for 240 gold pieces
 49482 | Vaults:5 | Bought a potion of heal wounds for 75 gold pieces
 49482 | Vaults:5 | Bought a potion of ambrosia for 120 gold pieces
 49507 | Vaults:5 | Found Gyzirghoi's Distillery.
 49507 | Vaults:5 | Found Witawue's Distillery.
 49512 | Vaults:5 | Bought a potion of magic for 104 gold pieces
 49512 | Vaults:5 | Bought a potion of lignification for 39 gold pieces
 49512 | Vaults:5 | Bought a potion of heal wounds for 65 gold pieces
 49512 | Vaults:5 | Bought a potion of resistance for 130 gold pieces
 49512 | Vaults:5 | Bought a potion of heal wounds for 65 gold pieces
 49512 | Vaults:5 | Bought a potion of might for 52 gold pieces
 49512 | Vaults:5 | Bought a potion of magic for 104 gold pieces
 49512 | Vaults:5 | Bought a potion of haste for 130 gold pieces
 49519 | Vaults:5 | Bought a potion of enlightenment for 70 gold pieces
 49519 | Vaults:5 | Bought a potion of curing for 42 gold pieces
 49519 | Vaults:5 | Bought a potion of invisibility for 112 gold pieces
 49519 | Vaults:5 | Bought 2 potions of heal wounds for 140 gold pieces
 49519 | Vaults:5 | Bought a potion of mutation for 112 gold pieces
 49519 | Vaults:5 | Bought a potion of might for 56 gold pieces
 49519 | Vaults:5 | Bought a potion of enlightenment for 70 gold pieces
 49519 | Vaults:5 | Bought 3 potions of heal wounds for 210 gold pieces
 49859 | Vaults:5 | Found Raofray's Distillery.
 49863 | Vaults:5 | Bought a potion of curing for 57 gold pieces
 49863 | Vaults:5 | Bought a potion of haste for 190 gold pieces
 49863 | Vaults:5 | Bought a potion of curing for 57 gold pieces
 49863 | Vaults:5 | Bought a potion of heal wounds for 95 gold pieces
 49863 | Vaults:5 | Bought a potion of mutation for 152 gold pieces
 49870 | Vaults:5 | Found Inwifuiz's Magic Scroll Shop.
 49874 | Vaults:5 | Bought a scroll of teleportation for 69 gold pieces
 49874 | Vaults:5 | Bought a scroll of blinking for 172 gold pieces
 49874 | Vaults:5 | Bought a scroll of fog for 92 gold pieces
 49874 | Vaults:5 | Bought a scroll of teleportation for 69 gold pieces
 50276 | Depths:3 | Voluntarily entered the Abyss.
 50277 | Abyss:2  | Found a corrupted altar of Lugonu.
 50329 | Abyss:3  | Found a corrupted altar of Lugonu.
 50499 | Abyss:4  | Found a corrupted altar of Lugonu.
 50506 | Abyss:4  | Reached XP level 25. HP: 239/261 MP: 17/17
 50508 | Abyss:4  | Got an abyssal rune of Zot
 50537 | Abyss:5  | Paralysed by you for 1 turns
 50613 | Depths:3 | Escaped the Abyss
 50637 | Zot:1    | Entered Level 1 of the Realm of Zot
 50675 | Zot:1    | Noticed a juggernaut
 50727 | Zot:1    | Killed a juggernaut
 50948 | Zot:1    | Found a runed translucent gate.
 50948 | Zot:1    | Found a runed translucent gate.
 50948 | Zot:1    | Found a runed translucent gate.
 50951 | Zot:1    | Noticed whatisthis's ghost (veteran OnBe)
 53043 | Zot:2    | Noticed an orb of fire
 53046 | Zot:2    | Gained mutation: You are very weak. (Str -4) [an orb of
                  | fire]
 53054 | Zot:2    | Killed an orb of fire
 53586 | Zot:3    | Noticed a Killer Klown
 53615 | Zot:3    | Killed a Killer Klown
 53781 | Zot:3    | Noticed an ancient lich
 53789 | Zot:3    | Killed an ancient lich
 53829 | Zot:3    | Found the +4 dragonskin cloak
 53829 | Zot:3    | Noticed Tiamat
 53882 | Zot:2    | Killed Tiamat
 53965 | Zot:3    | Reached XP level 26. HP: 279/279 MP: 17/17
 54231 | Zot:3    | Noticed a dread lich
 54237 | Zot:3    | Killed a dread lich
 55550 | Zot:4    | Noticed an orb of fire
 55557 | Zot:4    | Killed an orb of fire
 55562 | Zot:4    | Noticed an orb of fire
 55568 | Zot:4    | Gained mutation: You occasionally lose the ability to drink
                  | potions when taking damage. [an orb of fire]
 55572 | Zot:4    | Killed an orb of fire
 55587 | Zot:4    | Lost mutation: You are very clumsy. (Dex -4) [potion of
                  | mutation]
 55587 | Zot:4    | Lost mutation: You occasionally lose the ability to drink
                  | potions when taking damage. [potion of mutation]
 55587 | Zot:4    | Gained mutation: Armour fits poorly on your strangely
                  | shaped body. [potion of mutation]
 56062 | Zot:4    | Noticed Vv
 56076 | Zot:4    | Killed Vv
 56394 | Zot:5    | Entered Level 5 of the Realm of Zot
 56395 | Zot:5    | Found a transporter.
 56395 | Zot:5    | Found a transporter.
 56400 | Zot:5    | Identified the +10 halberd of Tenacity {vamp, rElec rC+
                  | Stlth+}
 57064 | Zot:5    | Noticed a dread lich
 57070 | Zot:5    | Killed a dread lich
 57240 | Zot:5    | Noticed a dread lich
 57244 | Zot:5    | Killed a dread lich
 57287 | Zot:5    | Noticed a dread lich
 57296 | Zot:5    | Killed a dread lich
 57297 | Zot:5    | Reached XP level 27. HP: 291/291 MP: 17/17
 57403 | Zot:5    | Noticed an orb of fire
 57418 | Zot:5    | Killed an orb of fire
 57430 | Zot:5    | Noticed a dread lich
 57438 | Zot:5    | Killed a dread lich
 57584 | Zot:5    | Noticed an orb of fire
 57590 | Zot:5    | Noticed an orb of fire
 57594 | Zot:5    | Killed an orb of fire
 57597 | Zot:5    | Killed an orb of fire
 57626 | Zot:5    | Noticed a dread lich
 57635 | Zot:5    | Killed a dread lich
 58420 | Crypt:1  | Entered Level 1 of the Crypt
 60334 | Crypt:3  | Entered Level 3 of the Crypt
 60445 | Crypt:3  | Noticed a dread lich
 60450 | Crypt:3  | Killed a dread lich
 60451 | Crypt:3  | Reached skill level 1 in Air Magic
 60514 | Crypt:3  | Noticed Xtahua
 60525 | Crypt:3  | Noticed a dread lich
 60526 | Crypt:3  | Killed Xtahua
 60529 | Crypt:3  | Killed the ghostly Xtahua
 60541 | Crypt:3  | Killed a dread lich
 60817 | Crypt:3  | Reached skill level 5 in Air Magic
 60894 | Crypt:3  | Identified the orb of Discretion {guile, Int+4 Dex+5}
 61006 | Crypt:3  | Found the ring of the Octopus King
 61014 | Crypt:3  | Identified a ring of the Octopus King {rC+ HP+2 AC+2 EV+2
                  | SH+2}
 61041 | Crypt:3  | Identified the +3 scimitar of Dissatisfaction {freeze,
                  | rElec rC+ Will++ Int-4}
 61405 | Crypt:3  | Found a staircase to the Tomb.
 62180 | D:1      | Bought a scroll of teleportation for 39 gold pieces
 62180 | D:1      | Bought a scroll of teleportation for 39 gold pieces
 62180 | D:1      | Bought a scroll of teleportation for 39 gold pieces
 62180 | D:1      | Bought a scroll of teleportation for 39 gold pieces
 62180 | D:1      | Bought a scroll of blinking for 97 gold pieces
 62180 | D:1      | Bought a scroll of fear for 52 gold pieces
 62180 | D:1      | Bought a scroll of revelation for 97 gold pieces
 62515 | Hell     | Entered the Vestibule of Hell
 62517 | Hell     | Noticed Geryon
 62641 | Hell     | Killed Geryon
 62961 | Hell     | Found a gateway to the decaying netherworld of Tartarus.
 63013 | Hell     | Found a gateway to the freezing wastes of Cocytus.
 63078 | Hell     | Found a gateway to the Iron City of Dis.
 63158 | Hell     | Found a gateway to the ashen valley of Gehenna.
 63595 | Zig:1    | Entered Level 1 of a ziggurat
 63617 | Zig:2    | Entered Level 2 of a ziggurat
 63644 | Zig:3    | Entered Level 3 of a ziggurat
 63673 | Zig:4    | Entered Level 4 of a ziggurat
 63706 | Zig:4    | Identified the +7 scimitar of Valour {heavy, rC++ MP-9
                  | Str+3 Int+2}
 63710 | Zig:5    | Entered Level 5 of a ziggurat
 63735 | Zig:5    | Identified the ring of Stoicism {AC+4 Str+4 Int+2 Dex-2}
 63737 | Zig:5    | Got the Omnibus of Cleavage and Ectoplasm
 63742 | Zig:6    | Entered Level 6 of a ziggurat
 63748 | Zig:6    | Noticed Pelliant the pandemonium lord
 63755 | Zig:6    | Killed Pelliant the pandemonium lord
 63805 | Zig:7    | Entered Level 7 of a ziggurat
 63863 | Zig:8    | Entered Level 8 of a ziggurat
 63873 | Zig:8    | Found the +13 scythe of Curses {drain, curses, ^Drain}
 63928 | Zig:8    | Reached skill level 10 in Air Magic
 63966 | Zig:9    | Entered Level 9 of a ziggurat
 63974 | Zig:9    | Noticed Gaenkug the pandemonium lord
 63974 | Zig:9    | Noticed Nifruer the pandemonium lord
 63974 | Zig:9    | Noticed Adotzu the pandemonium lord
 63983 | Zig:9    | Identified the +1 orcbow "Holikk Xugh" {drain, rCorr Int+3}
 63985 | Zig:10   | Entered Level 10 of a ziggurat
 64033 | Zig:10   | Noticed a royal mummy
 64035 | Zig:10   | Noticed a royal mummy
 64045 | Zig:10   | Found the +8 Wrath of Trog {antimagic, *Rage Rampage}
 64045 | Zig:10   | Killed a royal mummy
 64048 | Zig:10   | Killed a royal mummy
 64058 | Zig:10   | Identified the ring "Viniejif" {rF+ rCorr}
 64394 | Zot:5    | Got the Orb of Zot
 64408 | Zot:5    | Noticed Tufupaun the pandemonium lord
 64439 | Zot:5    | Killed Tufupaun the pandemonium lord
 64584 | Zot:3    | Noticed Fuoclofe the pandemonium lord
 64589 | Zot:3    | Noticed Quobo the pandemonium lord
 64592 | Zot:3    | Killed Fuoclofe the pandemonium lord
 64601 | Zot:3    | Killed Quobo the pandemonium lord
 64877 | D:9      | Noticed a seraph
 64887 | D:9      | Noticed Raig the pandemonium lord
 65111 | D:$      | Escaped with the Orb!

Illustrated notes

Levels and vault maps discovered:
D:1:      shiori_arrival_whats_in_store_for_you, layout_basic, serial_shops,
          shop, shop, shop, nicolae_square_shop, shop
D:2:      layout_basic, serial_shops, shop
D:3:      layout_loops_ring, elyvilon_altar_1, chequers_serial_rivers_micro_e,
          minmay_misc_feat_x, kennysheep_generic_room_11
D:4:      layout_cave_pods, temple_fountains, serial_shops, shop,
          hangedman_abyss_or_decor_passed, uniq_crazy_yiuf_cottage, uniq_edmund,
          uniq_pikel
D:5:      layout_basic, uniq_blork_the_orc, uniq_prince_ribbit1, uniq_menkaure
D:6:      layout_cave_pools, uniq_maggie
D:7:      layout_rooms, kennysheep_generic_room_14, uniq_duvessa, uniq_jeremiah
D:8:      layout_basic, grunt_qazlal_clouds, nicolae_ossuary_entry_ruins,
          uniq_joseph
D:9:      layout_roguey, kennysheep_flooded_box, minmay_between, uniq_grum
D:10:     layout_basic, kennysheep_little_box, enter_bailey_4
D:11:     minmay_the_grid_triangle_9x9_rhombus_full_mashed
          [minmay_the_grid_triangle_9x9_negative_grid,
          minmay_the_grid_triangle_9x9_odd_lines,
          minmay_the_grid_triangle_9x9_cache,
          minmay_the_grid_triangle_9x9_zippers_vertical,
          minmay_the_grid_triangle_9x9_impossible_snake,
          minmay_the_grid_triangle_9x9_descending_squares,
          minmay_the_grid_triangle_9x9_swiss_cheese,
          minmay_the_grid_triangle_9x9_prize_special], layout_cave_pools,
          lair_entry_dummy, ebering_ghost_xom
D:12:     layout_loops_cross, minmay_orc_entry_guard_dogs, uniq_nergalle
D:13:     nzn_winding_woodlands_stair_cross
          [nzn_winding_woodlands_5x15_longhouse,
          nzn_winding_woodlands_center_garden, nzn_winding_woodlands_5x15_twine,
          nzn_winding_woodlands_5x5_three, nzn_winding_woodlands_5x5_open_star,
          nzn_winding_woodlands_5x15_garden,
          nzn_winding_woodlands_center_pierced_h,
          nzn_winding_woodlands_5x15_concentric], layout_layer_cave,
          hangedman_decor_opposing, chequers_serial_rivers_micro_c,
          nicolae_tso_carved_into_rock, uniq_josephine
D:14:     layout_roguey, grunt_vaults_entry_tiered, nicolae_eternal_life,
          minmay_misc_feat_doors, uniq_rupert
D:15:     grunt_enter_depths_giant_problem, layout_irregular_city,
          nicolae_gozag_zags_fifth_avenue, serial_shops, shop,
          kennysheep_okawaru_gauntlet
Temple:   nicolae_temple_bog_church
Lair:1:   layout_cave_pods, gammafunk_ghost_berserking_beasts,
          beast_lair_carwin_5, serial_bayou_shore_b, grunt_megastairs_2
Lair:2:   layout_regular_city, spider_nest_entry_webs, gammafunk_ghost_grave,
          serial_bayou_shore_b, lemuel_fruit_fields, grunt_megastairs_5,
          infiniplex_staircase_pool
Lair:3:   layout_regular_city, shoals_dummy_entry, eino_house_with_fridge
Lair:4:   layout_loops_ring, slime_entry_2, basic_altar, lemuel_fruit_tree,
          infiniplex_staircase_pool_2, uniq_urug
Lair:5:   evil_forest, layout_small_grid, serial_bayou_pond_b, pond
Shoals:1: nicolae_shoals_offshore_bank_account, layout_shoals, serial_shops,
          nicolae_shop_statue_plus, uniq_aizul
Shoals:2: layout_shoals
Shoals:3: layout_shoals, nicolae_shoals_songs, uniq_mlioglotl, uniq_nikola
Shoals:4: shoals_end_hellmonk_holy_island
Spider:1: layout_spider_delve, hangedman_spider_trapstep
Spider:2: layout_cave_pods
Spider:3: layout_spider_delve
Spider:4: hellmonk_spider_rune_endless_swarm, uniq_mara, uniq_kirke,
          uniq_arachne
Slime:1:  layout_caves
Slime:2:  layout_caves, cheibrodos_slime_lost_civilization_4
Slime:3:  layout_caves
Slime:4:  layout_caves, basic_altar, nicolae_slime_rock_hall_of_fame
Slime:5:  slime_pit_nicolae_amoeboid
Orc:1:    layout_caves
Orc:2:    st_orc_pillars, layout_caves, special_room, hangedman_minor_magic
Elf:1:    nicolae_elf_arrival_aired_out, layout_geoelf_octagon,
          minmay_elf_sorcery, nicolae_elf_crossing_hall
Elf:2:    nicolae_elf_blades_crystal_corner, layout_gridlike, serial_shops,
          nicolae_shop_bloodbath_and_beyond,
          nicolae_elf_glass_and_crystal_pillar_2, drop_trap,
          lemuel_flamethrower_hall
Elf:3:    grunt_elf_hall_branching, layout_geoelf_castle, serial_shops, shop
Vaults:1: ontoclasm_vaults_shuriken, nicolae_vaults_oval_intersection,
          nicolae_vaults_storage_closets_2, nicolae_vaults_big_angled_halls,
          nicolae_vaults_oval_intersection, vaults_room_stairs_pillars,
          vaults_room_door_hall, ontoclasm_vaults_ring_square,
          vaults_standard_mumra_lines, layout_vaults_omnicross, uniq_donald
Vaults:2: mu_enter_wizlab_4, nicolae_vaults_spaceships, vaults_room_ringed_pool,
          nicolae_vaults_security_offices_3, vaults_mumra_lcd,
          nicolae_vaults_cornered_office, serial_library_hellmonk_semicircle,
          v_alt_pattern_5, v_rooms_6, grunt_vaults_funnel,
          nicolae_vaults_turnstiles, nicolae_vaults_trapezoid_layered,
          vaults_mumra_chevron_long, nicolae_vaults_house_3, layout_vaults_maze,
          uniq_asterion
Vaults:3: nicolae_vaults_more_shelving_1, nicolae_vaults_disjoint_gnomons,
          nicolae_vaults_loss_of_containment, nicolae_vaults_cornered_office,
          nicolae_vaults_doubleplus_tesselated,
          nicolae_vaults_closet_pinwheel_2, v_alt_pattern_3,
          nicolae_vaults_twisting_passages, nicolae_vaults_tetromino_L_1,
          nicolae_vaults_storage_room_statues, v_misc_16,
          nicolae_vaults_trapezoid_layered, nicolae_vaults_tangram_1,
          layout_vaults_omnibox, minmay_crypt_entry_simple_round
Vaults:4: ontoclasm_vaults_pinch, v_rooms_1, hangedman_vaults_capsules,
          vaults_dpeg_encased_lava, nicolae_vaults_trapezoid_lopsided_1,
          v_misc_33, v_pattern_3, nicolae_vaults_tetromino_L_1,
          nicolae_vaults_display_case, nicolae_vaults_house_1,
          nicolae_vaults_yaktaur_gun_rack, nicolae_vaults_octothorpe,
          nicolae_vaults_house_1, layout_vaults_big_room
Vaults:5
Crypt:1:  layout_basic, grunt_crypt_arrival_guarded_gate
Crypt:2:  layout_gridlike, grunt_ministairs_12, grunt_megastairs_4
Crypt:3:  due_elkab, layout_chaotic_city, nicolae_tomb_entry_rubble_hallway,
          uniq_xtahua, uniq_margery
Depths:1: layout_cave_shapes, basic_altar, grunt_pan_entry_zigzag,
          grunt_hell_entry_dis_grunt, hex_large, minmay_misc_feat_room,
          grunt_decor_resistance, kennysheep_generic_room_9, uniq_enchantress,
          uniq_sojobo, uniq_bai_suzhen
Depths:2: minmay_heptahexagon, layout_small_grid, hell_entry,
          grunt_pan_entry_in_and_out, uniq_norris
Depths:3: nooodl_glass_maze, layout_cave_shapes, abyss_entry,
          serial_bayou_pond_b, serial_shops, shop, grunt_hell_horde,
          nicolae_specific_store, minmay_staircase_statues_hall_small,
          serial_bayou_shore_b
Depths:4: evilmike_zot_entry_basic, layout_cave_shapes, enter_ziggurat_d,
          hex_medium, abyss_entry_crystal, hell_entry, serial_shops,
          bzr_in_the_mist, infiniplex_staircase_pool_lava
Hell
Zot:1:    ebering_greatest_show_in_zot, layout_gridville, gammafunk_ghost_ooze,
          grunt_ministairs_14, regret_index_zotdec_stipple_waver
Zot:2:    layout_cathedral_of_symmetry, hangedman_player_shredder
Zot:3:    hangedman_snap_crack_crunch, layout_concentric_octagons,
          regret_index_zotdec_iron_s, guppyfry_library_mini, uniq_tiamat
Zot:4:    layout_basic, skrybe_zot_glass_2, regret_index_zotdec_twisting_globes,
          uniq_vv
Zot:5:    layout_twisted_circle, grunt_ministairs_1, nicolae_diode_stairs

Skill      XL: |  1  2  3  4  5  6  7  8  9 10 11 12 13 14 15 16 17 18 19 20 21 22 23 24 25 26 27 |
---------------+----------------------------------------------------------------------------------+-----
Shields        | 3 4 5 6 8 9 10 11 12 13 14 15 16 17 18 19 20 21 22 | 22.4
Unarmed Combat | 3 5 6 8 10 11 13 15 17 18 20 21 22 23 24 26 27 | 27.0
Fighting       | 3 4 5 6 7 8 9 10 11 12 13 14 15 16 17 18 19 21 | 21.6
Throwing       | 1 3 |  3.0
Dodging        | 0 |  0.0
Shapeshifting  | 4 12 16 17 19 21 23 24 25 | 25.0
Air Magic      | 11 | 11.9

Action                     |  1- 3 |  4- 6 |  7- 9 | 10-12 | 13-15 | 16-18 | 19-21 | 22-24 | 25-27 || total
---------------------------+-------+-------+-------+-------+-------+-------+-------+-------+-------++-------
  Melee: Unarmed           |    88 |    53 |   279 |   648 |  1069 |   931 |  1749 |  1122 |  1787 ||  7726
  Throw: Dart              |       |       |    12 |     9 |       |       |       |       |       ||    21
         Boomerang         |       |       |       |    60 |    83 |    86 |    56 |    20 |    47 ||   352
         Throwing net      |       |       |       |       |     3 |       |       |       |       ||     3
         Large rock        |       |       |       |       |       |    21 |       |     4 |       ||    25
         Javelin           |       |       |       |       |       |       |       |       |     7 ||     7
 Invoke: Sacrifice Arcana  |       |       |     1 |       |       |       |       |       |       ||     1
         Sacrifice Purity  |       |       |       |     1 |       |       |       |       |       ||     1
         Sacrifice Love    |       |       |       |     1 |       |       |       |       |       ||     1
         Sacrifice Essence |       |       |       |     1 |     2 |     2 |       |       |       ||     5
         Draw Out Power    |       |       |       |     1 |     1 |     2 |     1 |       |     1 ||     6
         Apocalypse        |       |       |       |       |     9 |     4 |     7 |     5 |     2 ||    27
         Sacrifice Nimblen |       |       |       |       |     1 |       |       |       |       ||     1
         Reject Sacrifices |       |       |       |       |     1 |       |       |       |       ||     1
         Power Leap        |       |       |       |       |       |     4 |     3 |       |     3 ||    10
Ability: Begin Untransform |       |       |       |       |       |       |     1 |       |       ||     1
  Evoke: Wand              |       |       |       |     2 |     1 |     3 |       |     3 |     1 ||    10
         Condenser vane    |       |       |       |       |     1 |       |       |     1 |       ||     2
    Use: Scroll            |     4 |     3 |     6 |    14 |     3 |     7 |     9 |     3 |     3 ||    52
         Potion            |       |     1 |     1 |       |       |     1 |       |     3 |     4 ||    10
   Stab: Sleeping          |     1 |       |     1 |       |       |       |       |       |       ||     2
         Distracted        |       |       |     1 |       |     2 |     4 |     5 |     4 |     8 ||    24
         Invisible         |       |       |     1 |     3 |     6 |     6 |    15 |     5 |     6 ||    42
         Paralysed         |       |       |       |       |    12 |    14 |    12 |    10 |     5 ||    53
         Confused          |       |       |       |       |     2 |       |       |       |       ||     2
 Armour: Robe              |    33 |    29 |    68 |       |       |       |       |       |       ||   130
         Acid dragon scale |       |       |    38 |   350 |   443 |    39 |       |       |       ||   870
         Fire dragon scale |       |       |       |       |       |   589 |   874 |       |       ||  1463
         Skin              |       |       |       |       |       |       |   280 |  1019 |  1539 ||  2838
  Dodge: Dodged            |    12 |    11 |    53 |   108 |   144 |   141 |   249 |   245 |   404 ||  1367
  Block: Kite shield       |    31 |    28 |   139 |   380 |   600 |   671 |   333 |       |       ||  2182
         Reflection        |     1 |     2 |     8 |    24 |    24 |    45 |     6 |       |       ||   110
         Tower shield      |       |       |       |       |       |       |   954 |  1746 |  2690 ||  5390
   Form: Statue            |       |       |       |       |       |       |     2 |       |     1 ||     3
         Death             |       |       |       |       |       |       |       |       |     1 ||     1
         Storm             |       |       |       |       |       |       |       |       |     1 ||     1

Table legend: (Time is in decaauts)
 A = Elapsed time spent in this place.
 B = Non-inter-level travel time spent in this place.
 C = Inter-level travel time spent in this place.
 D = Time resting spent in this place.
 E = Time spent auto-exploring this place.
 F = Levels seen in this place.
 G = Mean time per level.
                   A        B        C        D        E       F      G
               +--------+--------+--------+--------+--------+-----+--------+
         Total |  74152 |  65069 |   9083 |   7210 |  38901 |  75 |  988.7 |
       Dungeon |  16914 |  13869 |   3045 |    793 |   9712 |  15 | 1127.6 |
        Temple |     13 |      5 |      8 |      0 |      0 |   1 |   13.0 |
          Lair |   6830 |   5577 |   1253 |    516 |   3735 |   5 | 1366.0 |
        Shoals |   4157 |   3963 |    194 |   1002 |   1758 |   4 | 1039.2 |
   Spider Nest |   4632 |   4276 |    356 |    816 |   2379 |   4 | 1158.0 |
    Slime Pits |   1652 |   1523 |    129 |    666 |     55 |   5 |  330.4 |
  Orcish Mines |   1339 |   1136 |    203 |     72 |    686 |   2 |  669.5 |
   Elven Halls |   3654 |   3280 |    374 |    222 |   1819 |   3 | 1218.0 |
        Vaults |   9321 |   8096 |   1225 |   1120 |   5050 |   5 | 1864.2 |
         Crypt |   4681 |   4430 |    251 |     24 |   3152 |   3 | 1560.3 |
        Depths |   6744 |   5868 |    876 |    183 |   3868 |   4 | 1686.0 |
          Hell |    764 |    729 |     35 |      0 |    271 |   1 |  764.0 |
           Zot |  11110 |   9982 |   1128 |   1525 |   5902 |   5 | 2222.0 |
         Abyss |    743 |    743 |      0 |      4 |    126 |   5 |  148.6 |
      Ziggurat |    820 |    820 |      0 |    265 |      0 |  10 |   82.0 |
        Bazaar |    110 |    110 |      0 |      0 |     90 |   1 |  110.0 |
       Ossuary |    288 |    288 |      0 |      0 |    165 |   1 |  288.0 |
        Bailey |    373 |    373 |      0 |      0 |    131 |   1 |  373.0 |
               +--------+--------+--------+--------+--------+-----+--------+

Top non-repeatable levels by time:
   Zot:2: 2870 daAuts
Vaults:4: 2522 daAuts
   Zot:3: 2460 daAuts
   Zot:5: 2425 daAuts
    D:15: 2102 daAuts
Shoals:3: 1975 daAuts
Depths:3: 1880 daAuts
  Lair:5: 1861 daAuts
Vaults:3: 1859 daAuts
 Crypt:3: 1858 daAuts
Depths:2: 1824 daAuts
   Zot:4: 1805 daAuts
 Crypt:1: 1682 daAuts
Vaults:1: 1677 daAuts
Vaults:5: 1670 daAuts
